[Event "Team 45 45 League T25"]
[Site "Internet Chess Club"]
[Date "2005.01.22"]
[Round "6"]
[White "tourettes"]
[Black "MrAnderssen"]
[Result "0-1"]
[WhiteElo "1763"]
[BlackElo "1667"]
[TimeControl "2700+45"]

1. e4 c5 2. Nc3 Nc6 3. g3 d6 4. Bg2 Nf6 5. Nge2 g6 6. O-O Bg7 7. d3 O-O 8. h3
Bd7 9. Be3 Qc8 10. Kh2 Ne5 11. f4 Nc6 12. Qd2 a6 13. Nd1 e6 14. c3 Ne7 15. d4
Bc6 16. Nf2 d5 17. e5 Ne4 18. Nxe4 dxe4 19. dxc5 Nf5 20. Bg1 Rd8 21. Qc2 e3 22.
Bxc6 Rd2 23. Qe4 Rxe2+ 24. Bf2 Qxc6 25. Qxc6 bxc6 26. g4 Nh4 27. Kg3 g5 28. fxg5
Bxe5+ 29. Kxh4 exf2 30. Rac1 Rd8 31. b4 Rd3 32. a4 Bg3+ 33. Kh5 Bf4 34. Kh4 Ree3
35. Rh1 Bg3+ 36. Kh5 Bh2 37. h4 Bg3 38. c4 Re1 39. b5 Rxh1 40. Rxh1 axb5 41.
cxb5 cxb5 42. axb5 Rd5 43. Kh6 Bxh4 44. Kh5 Bxg5 {White resigns} 0-1

[Event "Team 45 45 League T25"]
[Site "Internet Chess Club"]
[Date "2005.01.22"]
[Round "6"]
[White "dougmo"]
[Black "gessie7"]
[Result "1-0"]
[WhiteElo "1610"]
[BlackElo "1546"]
[TimeControl "2700+45"]

1. e4 e5 2. Nc3 Nf6 3. Bc4 c6 4. d3 d5 5. exd5 cxd5 6. Bb3 Bc5 7. Bg5 Qb6 8. Bh4
Be6 9. Qe2 Ng4 10. h3 Nh6 11. O-O-O Nc6 12. Nf3 Nf5 13. Bxd5 Nxh4 14. Bxe6 Nxf3
15. Bxf7+ Kxf7 16. Qxf3+ Ke8 17. Nd5 Qd8 18. c4 Nd4 19. Qg4 g6 20. Rhe1 Qd6 21.
f4 Nc6 22. fxe5 Qb8 23. Qe6+ Kd8 24. Qf6+ Kd7 25. Qf7+ Kd8 26. e6 Ne7 27. d4 Bd6
28. c5 Nxd5 29. Qd7# {Black checkmated} 1-0

[Event "Team 45 45 League T25"]
[Site "Internet Chess Club"]
[Date "2005.01.23"]
[Round "6"]
[White "jks2000"]
[Black "Stav"]
[Result "0-1"]
[WhiteElo "1644"]
[BlackElo "1768"]
[TimeControl "2700+45"]

1. c4 d6 2. Nc3 Nf6 3. g3 e5 4. Bg2 c6 5. Nf3 Be7 6. O-O O-O 7. d3 Re8 8. Re1
Bf8 9. e4 Na6 10. a3 Nc7 11. Bg5 Bg4 12. Qb3 b6 13. Nd2 Ne6 14. Bxf6 Qxf6 15. h4
Nd4 16. Qa4 a6 17. f3 b5 18. Qd1 Be6 19. cxb5 axb5 20. Ne2 g6 21. Nxd4 exd4 22.
a4 Bh6 23. e5 dxe5 24. Ne4 Qh8 25. axb5 Be3+ 26. Kh2 cxb5 27. b4 Kg7 28. Nd6
Rxa1 29. Qxa1 Ra8 30. Qb2 Qb8 31. Ne4 Ra2 32. Qb1 Qa7 33. Nc5 Bd5 34. Kh1 Rf2
35. Qd1 Qa2 36. Qa1 Rxg2 {White resigns} 0-1

[Event "Team 45 45 League T25"]
[Site "Internet Chess Club"]
[Date "2005.01.23"]
[Round "6"]
[White "Bogelund"]
[Black "allanchs"]
[Result "1-0"]
[WhiteElo "1828"]
[BlackElo "1607"]
[TimeControl "2700+45"]

1. d4 d5 2. c4 e6 3. Nc3 Nf6 4. Nf3 Be7 5. Bf4 O-O 6. e3 Nbd7 7. Be2 c6 8. O-O
Nh5 9. Bg3 Nxg3 10. fxg3 Qc7 11. Qc2 e5 12. cxd5 cxd5 13. Bd3 e4 14. Nxd5 Qd6
15. Bxe4 f5 16. Nxe7+ Qxe7 17. Bxf5 Qxe3+ 18. Rf2 Nf6 19. Re1 Qh6 20. Qb3+ Kh8
21. Ne5 g6 22. Bxc8 Raxc8 23. Nf7+ Rxf7 24. Qxf7 Ng4 25. Re8+ {Black resigns}
1-0

[Event "Team 45 45 League T25"]
[Site "Internet Chess Club"]
[Date "2005.01.22"]
[Round "6"]
[White "KaissaXiaolin"]
[Black "Mikey29a"]
[Result "1-0"]
[WhiteElo "1663"]
[BlackElo "1653"]
[TimeControl "2700+45"]

1. e4 e6 2. d4 d5 3. Be3 dxe4 4. Nd2 f5 5. f3 exf3 6. Ngxf3 Nf6 7. Bd3 Be7 8.
O-O Nd5 9. Qe2 f4 10. Bf2 O-O 11. Ne5 Nd7 12. Qh5 N7f6 13. Qh3 Bd6 14. c3 g6 15.
Bh4 Be7 16. Bg5 Nh5 17. Bh6 Re8 18. Nxg6 hxg6 19. Bxg6 Ndf6 20. Bxh5 Nxh5 21.
Qxh5 Bf6 22. Rxf4 e5 23. Qg6+ Kh8 24. Rxf6 Rg8 25. Qh5 Rxg2+ 26. Kxg2 Qd5+ 27.
Kg1 Qg8+ 28. Bg5+ Kg7 29. Rg6+ {Black resigns} 1-0

[Event "Team 45 45 League T25"]
[Site "Internet Chess Club"]
[Date "2005.01.24"]
[Round "6"]
[White "chesskilleruk"]
[Black "Quoyle"]
[Result "1-0"]
[WhiteElo "2262"]
[BlackElo "2434"]
[TimeControl "2700+45"]

1. e4 e5 2. Nf3 Nc6 3. Bb5 Nf6 4. Qe2 Bc5 5. c3 O-O 6. d3 Re8 7. O-O h6 8. h3 d6
9. Re1 a6 10. Ba4 Bd7 11. Bc2 Nh5 12. Kh2 Qe7 13. Be3 Rad8 14. Nbd2 Nf6 15. Nf1
Qf8 16. Ng3 g6 17. b4 Bxe3 18. Qxe3 Kg7 19. Bb3 Be6 20. Bxe6 fxe6 21. a4 Rd7 22.
b5 axb5 23. axb5 Nd8 24. Ra7 c5 25. d4 cxd4 26. cxd4 exd4 27. Qxd4 e5 28. Qb6
Qf7 29. Ra8 Ne6 30. Rxe8 Qxe8 31. Rd1 Qe7 32. Qe3 Nf4 33. Ne2 N6h5 34. g3 Nxe2
35. Qxe2 Nf6 36. b6 Qe6 37. g4 Qb3 38. g5 hxg5 39. Nxg5 Nh5 40. Qg4 Nf6 41. Qe2
Nh5 42. Rg1 Nf4 43. Qg4 Re7 44. Qh4 Kg8 45. Rc1 Nh5 46. Rc7 Rxc7 47. bxc7 Qc2
48. Ne6 Kf7 49. Nd8+ Kg7 50. Qe7+ Kh8 51. Nf7+ {Black resigns} 1-0

[Event "Team 45 45 League T25"]
[Site "Internet Chess Club"]
[Date "2005.01.24"]
[Round "6"]
[White "phoenix10q72"]
[Black "johanh"]
[Result "1/2-1/2"]
[WhiteElo "2240"]
[BlackElo "2173"]
[TimeControl "2700+45"]

1. e4 c5 2. Nf3 Nc6 3. d4 cxd4 4. Nxd4 Nf6 5. Nc3 e5 6. Ndb5 d6 7. Bg5 a6 8. Na3
b5 9. Bxf6 gxf6 10. Nd5 Bg7 11. Bd3 Ne7 12. Nxe7 Qxe7 13. O-O f5 14. c4 O-O 15.
Qf3 Re8 16. Rfe1 b4 17. Nc2 f4 18. Nxb4 Qg5 19. Bf1 Rb8 20. Qa3 Re6 21. Nd5 Rh6
22. Rad1 Kh8 23. Rd3 Bd7 24. Qxa6 Rg8 25. Qa7 Be6 26. Ne7 Re8 27. Rxd6 Bf8 28.
Rxe6 fxe6 29. Nc6 Rg6 30. Rd1 h5 31. Rd7 Bg7 32. Re7 Rg8 33. Qd7 f3 34. g3 h4
35. Rxe6 hxg3 36. hxg3 Bf6 37. Re8 Qc1 38. Rxg8+ Kxg8 39. Qe8+ Kh7 40. Qf7+ Bg7
41. Qxf3 Rxc6 42. Qf5+ Kg8 43. b4 Qe1 44. b5 Rf6 45. Qc8+ Bf8 46. Qg4+ Kf7 47.
Qh5+ Kg7 48. Qg5+ Kf7 49. Qh5+ Ke6 50. Qe8+ Be7 51. Qg8+ Kd7 52. Qd5+ Ke8 53.
Qa8+ Bd8 54. Qa7 Bb6 55. Qa8+ Bd8 56. Qa7 Bb6 57. Qa8+ Kf7 58. Qd5+ Kg7 59. Qd7+
Kf8 60. Qc8+ Ke7 61. Qb7+ Kf8 62. Qc8+ Ke7 63. Qb7+ Ke8 64. Qc8+ Bd8 65. Qc5
Qxe4 66. Bh3 Qe1+ 67. Kg2 Qe4+ 68. Kh2 Bb6 69. Qc8+ Kf7 70. Qd7+ Kg6 71. Qe8+
Kg7 72. Qe7+ Kg6 73. Qe8+ Kg7 {Game drawn by mutual agreement} 1/2-1/2

[Event "Team 45 45 League T25"]
[Site "Internet Chess Club"]
[Date "2005.01.22"]
[Round "6"]
[White "DeLaSalle"]
[Black "jorobo"]
[Result "1/2-1/2"]
[WhiteElo "2055"]
[BlackElo "2198"]
[TimeControl "2700+45"]

1. d4 d5 2. Nf3 Nf6 3. e3 c5 4. b3 Bg4 5. Bb2 e6 6. Be2 Nc6 7. Ne5 Bxe2 8. Qxe2
cxd4 9. exd4 Bb4+ 10. c3 Bd6 11. O-O Rc8 12. f4 O-O 13. Nd2 Qa5 14. c4 dxc4 15.
Ndxc4 Qa6 16. Nxf7 Rxf7 17. Qxe6 Re8 18. Qxd6 Rd7 19. Qc5 Rd5 20. Qa3 Qxa3 21.
Nxa3 Nxd4 22. Bxd4 Rxd4 23. Nb5 Rd2 24. Rf2 Rxf2 25. Kxf2 Ne4+ 26. Kg1 a6 27.
Nd4 Rd8 28. Nf3 Nc3 29. Kf2 b5 30. a4 b4 31. Re1 Kf7 32. Ne5+ Kf6 33. Nc4 Nd1+
34. Ke2 Nc3+ 35. Kf3 Rd3+ 36. Re3 Rd1 37. g4 h6 38. Ne5 {Game drawn by mutual
agreement} 1/2-1/2

[Event "Team 45 45 League T25"]
[Site "Internet Chess Club"]
[Date "2005.01.25"]
[Round "6"]
[White "megamaster"]
[Black "baumhauer"]
[Result "1-0"]
[WhiteElo "1969"]
[BlackElo "1942"]
[TimeControl "2700+45"]

1. e4 c5 2. Nf3 d6 3. d4 cxd4 4. Nxd4 Nf6 5. Nc3 a6 6. Be2 e6 7. O-O Be7 8. Be3
Qc7 9. Qd2 b5 10. f3 Bb7 11. a4 b4 12. Na2 d5 13. Nxb4 dxe4 14. c3 O-O 15. Rad1
Rd8 16. Qc1 Nbd7 17. fxe4 Nxe4 18. Bf4 e5 19. Nf5 Bxb4 20. cxb4 Qb6+ 21. Be3
Qxb4 22. Qc2 Rac8 23. Qd3 Rc6 24. Qd5 Rg6 25. Ne7+ Qxe7 26. Qxb7 Nec5 27. Qc7
Re8 28. b4 Qh4 29. Bxc5 Nxc5 30. Qxf7+ {Black resigns} 1-0

[Event "Team 45 45 League T25"]
[Site "Internet Chess Club"]
[Date "2005.01.20"]
[Round "6"]
[White "pawnateer"]
[Black "SonnyBlack"]
[Result "1-0"]
[WhiteElo "2407"]
[BlackElo "2006"]
[TimeControl "2700+45"]

1. d4 Nf6 2. Nf3 g6 3. Bg5 Ne4 4. Bf4 Bg7 5. e3 O-O 6. Bd3 d5 7. Nbd2 Nxd2 8.
Qxd2 c5 9. c3 Nc6 10. h4 h5 11. O-O-O Qa5 12. Kb1 b5 13. dxc5 e5 14. Bxg6 fxg6
15. Qxd5+ Kh7 16. Ng5+ Kh8 17. Qxc6 exf4 18. Rd5 Qa6 19. Qxa6 Bxa6 20. Ne6 Rf7
21. Nxf4 Bb7 22. Rd6 Be4+ 23. Ka1 Re8 24. f3 Bf5 25. e4 Bxe4 26. Nxg6+ Bxg6 27.
Rxg6 b4 28. cxb4 Re2 29. Rb1 Rfe7 30. a4 R2e3 31. Ka2 Bd4 32. Rh6+ Kg7 33. Rxh5
Re2 34. g4 Rf2 35. Rg5+ Kh6 36. Rd5 Bg7 37. Rh5+ Kg6 38. Rf5 Ree2 39. h5+ Kh6
40. Rf7 Bxb2 41. Kb3 a6 42. b5 Re3+ 43. Kc4 axb5+ 44. axb5 Rd2 45. b6 Rc3+ 46.
Kb5 Ba3 47. b7 Rdd3 48. b8=Q Rxc5+ 49. Kb6 Rb3+ 50. Rxb3 Rb5+ 51. Rxb5 Bc5+ 52.
Kxc5 {Black resigns} 1-0

[Event "Team 45 45 League T25"]
[Site "Internet Chess Club"]
[Date "2005.01.23"]
[Round "6"]
[White "Gregorio"]
[Black "CogitoErgoSum"]
[Result "1-0"]
[WhiteElo "2089"]
[BlackElo "1892"]
[TimeControl "2700+45"]

1. e4 c5 2. Nf3 d6 3. d4 cxd4 4. Nxd4 Nf6 5. Nc3 a6 6. f3 e5 7. Nb3 Be6 8. Be3
Be7 9. Qd2 Qc7 10. O-O-O Nc6 11. Nd5 Bxd5 12. exd5 Nb8 13. Qf2 Nbd7 14. g4 h6
15. h4 O-O-O 16. Kb1 e4 17. Bh3 Kb8 18. g5 hxg5 19. hxg5 Nh7 20. f4 Rde8 21. Bf5
g6 22. Bg4 f5 23. Be2 Bd8 24. Bd4 Ne5 25. fxe5 dxe5 26. d6 Qc6 27. Bc3 Bb6 28.
Qg2 Qd7 29. Rh6 Rhg8 30. Rd5 Be3 31. Bd2 Bf4 32. Ba5 Nxg5 33. Bc7+ Ka8 34. Qf1
Ne6 35. Nc5 Nxc5 36. Rxc5 Be3 37. Ra5 Ba7 38. Bb5 Qxb5 39. Rxb5 axb5 40. Qxb5
Rh8 41. Qa4 {Black resigns} 1-0

[Event "Team 45 45 League T25"]
[Site "Internet Chess Club"]
[Date "2005.01.21"]
[Round "6"]
[White "LeifEricson"]
[Black "PublisherKing"]
[Result "0-1"]
[WhiteElo "1812"]
[BlackElo "1892"]
[TimeControl "2700+45"]

1. g3 g6 2. Bg2 Bg7 3. d3 c5 4. c3 Nf6 5. Nd2 Nc6 6. h3 O-O 7. Ngf3 d6 8. O-O e5
9. e4 Be6 10. Re1 h6 11. Nf1 Qd7 12. Kh2 d5 13. exd5 Nxd5 14. Ne3 Rfd8 15. Nc4
Nxc3 16. Ncxe5 Nxd1 17. Nxd7 Nxb2 18. Nxc5 Nxd3 19. Nxd3 Bxa1 20. Nc5 Bxa2 21.
Bxh6 Bg7 22. Bxg7 Kxg7 23. Nxb7 Re8 24. Rc1 Bd5 25. Rc5 Nb4 26. Nd6 Re2 27. Kg1
Rd8 28. Nb5 Rxf2 29. Kxf2 Nd3+ 30. Ke3 Nxc5 31. Nxa7 Ra8 32. Nb5 Ra2 33. Bf1 Ne4
34. g4 Rb2 35. Nbd4 Kf6 36. h4 Nd6 37. g5+ Ke7 38. Bh3 Nc4+ 39. Kf4 Rf2 40. Kg3
Ra2 41. Kf4 Ra3 42. Bf1 Ne3 43. Be2 Bb7 44. Bb5 Nd5+ 45. Kg4 Rc3 46. Be2 f6 47.
gxf6+ Kxf6 48. Kg3 Nb4 49. Nb5 Rb3 50. Nd4 Re3 51. Kf2 Re7 52. Ng5 Ke5 53. Ndf3+
Bxf3 54. Bxf3 Kd4 55. h5 Nd3+ 56. Kg3 gxh5 57. Bxh5 Rg7 58. Kh4 Ke5 59. Bg4 Nf4
60. Nf3+ Kd5 61. Ng5 Rg8 62. Bf5 Ke5 63. Bh7 Rg7 64. Bb1 Nd5 65. Kh5 Rb7 66. Bc2
Ne3 67. Bg6 Rb2 68. Nf7+ Kf6 69. Kh6 Rh2+ 70. Bh5 Ng4+ {White resigns} 0-1

[Event "Team 45 45 League T25"]
[Site "Internet Chess Club"]
[Date "2005.01.24"]
[Round "6"]
[White "ChessmanDan"]
[Black "Amauta"]
[Result "0-1"]
[WhiteElo "1739"]
[BlackElo "1958"]
[TimeControl "2700+45"]

1. e4 c5 2. Nf3 Nc6 3. d4 cxd4 4. Nxd4 e5 5. Nb5 d6 6. N1c3 a6 7. Na3 b5 8. Nd5
Nf6 9. Bg5 Be7 10. Bxf6 Bxf6 11. c3 O-O 12. Qf3 Be6 13. Rd1 Bg5 14. h4 Bxh4 15.
Qh5 Bxf2+ 16. Kxf2 h6 17. Nc2 f5 18. Kg1 fxe4 19. Nce3 Ne7 20. Nxe7+ Qxe7 21.
Qg6 Rf6 22. Qxe4 Raf8 23. Nd5 Qa7+ 24. Qe3 Qxe3+ 25. Nxe3 Bxa2 26. Rd2 d5 27. b4
Bb3 28. Kh2 Rf4 29. Be2 d4 30. cxd4 exd4 31. Nc2 Rf2 32. Nxd4 Bd5 33. Nf3 R8xf3
{White resigns} 0-1

[Event "Team 45 45 League T25"]
[Site "Internet Chess Club"]
[Date "2005.01.22"]
[Round "6"]
[White "trikmamak"]
[Black "akdog3"]
[Result "1-0"]
[WhiteElo "2226"]
[BlackElo "2155"]
[TimeControl "2700+45"]

1. e4 e6 2. d4 d5 3. Nc3 Nf6 4. e5 Nfd7 5. Nce2 c5 6. c3 Nc6 7. f4 Qb6 8. Nf3 f6
9. a3 Be7 10. h4 O-O 11. Rh3 cxd4 12. cxd4 Na5 13. Nc3 Nb3 14. Rb1 Nxc1 15. Rxc1
Qxb2 16. Nb5 Bxa3 17. Rc2 Qb4+ 18. Nd2 fxe5 19. Rxa3 Rxf4 20. Rb3 Qe7 21. g3 Rf8
22. Bh3 exd4 23. Nc7 Nc5 24. Nxa8 d3 25. Rcc3 Qf6 26. Nf3 Nxb3 27. Rxb3 Bd7 28.
Rxb7 Bc6 29. Rxa7 Bxa8 30. Qxd3 Bc6 31. Rc7 Be8 32. Qd4 Qg6 33. Kf2 Bb5 34.
Bxe6+ Kh8 35. Qxd5 Bd3 36. Bf7 Qe4 37. Qxe4 Bxe4 38. Ng5 Bd5 39. Ke3 Bxf7 40.
Nxf7+ Kg8 41. Ng5 Re8+ 42. Kf4 h6 43. Nf3 Rf8+ 44. Ke4 Ra8 45. h5 Ra5 46. Ne5
Kf8 47. Ng6+ Kg8 48. g4 Rb5 49. Rc8+ Kf7 50. Ne5+ Ke7 51. Kf5 Ra5 52. Rc7+ Kf8
53. Ke6 Ra6+ 54. Kd7 Ra8 55. Ke6 Ra6+ 56. Nc6 Ra8 57. Rf7+ Kg8 58. Ne7+ Kh7 59.
Nf5 Rg8 60. Rxg7+ Rxg7 61. Nxg7 Kxg7 62. Ke7 Kg8 63. Kf6 {Black resigns} 1-0

[Event "Team 45 45 League T25"]
[Site "Internet Chess Club"]
[Date "2005.01.22"]
[Round "6"]
[White "searchforbobby1"]
[Black "kikian"]
[Result "1-0"]
[WhiteElo "2145"]
[BlackElo "2042"]
[TimeControl "2700+45"]

1. e4 Nf6 2. e5 Nd5 3. d4 d6 4. Nf3 Bg4 5. Be2 e6 6. O-O Be7 7. c4 Nb6 8. Nc3
O-O 9. Be3 d5 10. c5 Bxf3 11. gxf3 Nc8 12. f4 Bh4 13. Kh1 Nc6 14. Bd3 g6 15. Rg1
Kh8 16. a3 f5 17. b4 a6 18. Qd2 N8e7 19. Ne2 Ng8 20. a4 Nh6 21. f3 Qd7 22. b5
axb5 23. axb5 Ne7 24. Ra2 Rab8 25. Ra7 Rg8 26. Qb2 Nf7 27. Qc3 g5 28. Rxb7 Rxb7
29. c6 Qc8 30. cxb7 Qxb7 31. fxg5 Nxg5 32. Bxg5 Bxg5 33. f4 Bh4 34. Rxg8+ Kxg8
35. Kg2 Ng6 36. Qa5 Qc8 37. Kf3 Qd7 38. Ng3 Bxg3 39. hxg3 Nf8 40. Kf2 Qg7 41.
Qa8 Qg4 42. Be2 Qh3 43. Bf3 Qh2+ 44. Bg2 Qh5 45. Bf3 Qh2+ 46. Bg2 Qh5 47. Bf3
Qh2+ 48. Bg2 Qh5 49. Bf3 Qh2+ 50. Bg2 Qh5 51. Qa1 Qf7 52. Bf3 Qe7 53. Qc3 Kg7
54. Qc5 Qxc5 55. dxc5 Nd7 56. c6 Nb6 57. Ke3 Kf8 58. Kd4 Ke7 59. Bh5 Nc4 60. Kc5
Nb6 61. Kb4 d4 62. Kc5 d3 63. Kd4 d2 64. Kd3 Na4 65. Kxd2 Nc5 66. Bf3 Na4 67.
Kc2 Nb6 68. Kb3 Kd8 69. Be2 Ke7 70. Bc4 Nc8 71. Kb4 Nb6 72. Bb3 Nc8 73. Ka5 Nb6
74. Ka6 Nd5 75. Bxd5 exd5 76. b6 cxb6 77. c7 {Black resigns} 1-0

[Event "Team 45 45 League T25"]
[Site "Internet Chess Club"]
[Date "2005.01.22"]
[Round "6"]
[White "fledermaus"]
[Black "StrayLite"]
[Result "1-0"]
[WhiteElo "2016"]
[BlackElo "2009"]
[TimeControl "2700+45"]

1. e4 d5 2. exd5 Nf6 3. Bb5+ Nbd7 4. c4 a6 5. Bxd7+ Bxd7 6. d4 Bg4 7. Nf3 e6 8.
dxe6 Bxe6 9. d5 Bg4 10. O-O Be7 11. Bf4 O-O 12. Nbd2 b5 13. b3 Bc5 14. Qc2 b4
15. Rfe1 Bh5 16. Ne5 Ng4 17. Nxg4 Bxg4 18. Ne4 Bd4 19. Rac1 Bf5 20. Qd2 Bxe4 21.
Qxd4 Bg6 22. Qc5 Rc8 23. Qxb4 Qf6 24. Bg3 c5 25. Qd2 Rfd8 26. Re2 Rd7 27. Rce1
h6 28. f3 Kh7 29. Bf2 Qd6 30. Re3 Qf6 31. Re5 Bf5 32. R1e3 Qg6 33. Qe2 Qf6 34.
h3 Bg6 35. Kh2 Qb6 36. f4 f6 37. Re6 Qb7 38. Re7 Rcc7 39. Rxd7 Rxd7 40. h4 Bf7
41. h5 Kg8 42. g4 Kf8 43. f5 a5 44. Re6 Qc7+ 45. Kg2 Bxe6 46. fxe6 Rd8 47. Qe3
Rc8 48. Bg3 Qb6 49. Qd3 Re8 50. Qh7 Rxe6 51. dxe6 Qxe6 52. Qf5 Qe2+ 53. Bf2 Qxa2
54. Qxc5+ Kf7 55. Qc7+ Kf8 56. Qd8+ Kf7 57. Qd5+ Kf8 58. Qd3 a4 59. bxa4 Qxa4
60. Qd8+ Kf7 61. Qc7+ Kg8 62. Qc8+ Kf7 63. Qb7+ Kg8 64. Qd5+ Kh7 65. Qf5+ Kg8
66. c5 Qc4 67. Qf3 Kh8 68. c6 Kg8 69. Bg3 Kf7 70. c7 Ke8 71. Qa8+ Kf7 72. c8=Q
Qe2+ 73. Bf2 Qb2 74. Qg8+ Ke7 75. Qad8# {Black checkmated} 1-0

[Event "Team 45 45 League T25"]
[Site "Internet Chess Club"]
[Date "2005.01.24"]
[Round "6"]
[White "Anechka"]
[Black "Arshanay"]
[Result "1/2-1/2"]
[WhiteElo "2202"]
[BlackElo "2361"]
[TimeControl "2700+45"]

1. d4 Nf6 2. Bg5 e6 3. e4 h6 4. Bxf6 Qxf6 5. c3 d5 6. Nd2 c5 7. exd5 cxd4 8.
Qa4+ Bd7 9. Qxd4 Qxd4 10. cxd4 exd5 11. Ngf3 Bb4 12. Bd3 Nc6 13. a3 Ba5 14. b4
Bb6 15. Nb3 O-O 16. O-O Bg4 17. Ne5 Nxe5 18. dxe5 Rfe8 19. Rfe1 Rac8 20. Rac1
Rxc1 21. Rxc1 Rxe5 22. h3 Bf5 23. Bxf5 Rxf5 24. Rc8+ Kh7 25. Nc5 Bxc5 26. Rxc5
a6 27. Rc7 b5 28. Ra7 d4 29. Rd7 Rf4 30. Rd6 Re4 31. Kf1 {Game drawn by mutual
agreement} 1/2-1/2

[Event "Team 45 45 League T25"]
[Site "Internet Chess Club"]
[Date "2005.01.23"]
[Round "6"]
[White "syy89"]
[Black "Catalog"]
[Result "1/2-1/2"]
[WhiteElo "2078"]
[BlackElo "2128"]
[TimeControl "2700+45"]

1. d4 Nf6 2. Nf3 g6 3. e3 Bg7 4. Bd3 d6 5. b3 c5 6. Bb2 cxd4 7. exd4 O-O 8. O-O
Nc6 9. a3 e5 10. Nbd2 Nd5 11. Be4 Nde7 12. dxe5 dxe5 13. Nc4 Qxd1 14. Raxd1 Bg4
15. h3 Bxf3 16. Bxf3 Rad8 17. Rfe1 f6 18. Nd6 Rd7 19. c4 Rfd8 20. c5 Bf8 21. b4
a6 22. Bc3 b5 23. g4 g5 24. Be4 Nb8 25. Bc2 Nec6 26. Bf5 Rxd6 27. cxd6 Bxd6 28.
Re2 Nd4 29. Bxd4 exd4 30. Rxd4 Nc6 31. Rdd2 Ne5 32. Kg2 h6 33. Re4 Kf8 34. Red4
Ke7 35. Rd1 Nc4 36. Re1+ Ne5 37. Rd3 Kf8 38. Rc3 Nc4 39. Rd1 Ke7 40. Be4 Rb8 41.
Bd5 Be5 42. Rc2 Nxa3 43. Ra2 Nc4 44. Bxc4 bxc4 45. Rxa6 Rxb4 46. Rd2 c3 47. Rc2
Kf7 48. Kf1 Kg6 49. f3 h5 50. Ke2 hxg4 51. hxg4 Rb1 52. Rc6 {Game drawn by
mutual agreement} 1/2-1/2

[Event "Team 45 45 League T25"]
[Site "Internet Chess Club"]
[Date "2005.01.23"]
[Round "6"]
[White "EdBorowski"]
[Black "sloper-c"]
[Result "1/2-1/2"]
[WhiteElo "2097"]
[BlackElo "2018"]
[TimeControl "2700+45"]

1. Nf3 d6 2. d4 g6 3. Bf4 Nf6 4. e3 Bg7 5. Be2 c5 6. c3 cxd4 7. cxd4 O-O 8. O-O
Qb6 9. b3 Nc6 10. Nbd2 Nd5 11. Nc4 Qd8 12. Bg3 Nc3 13. Qd2 Nxe2+ 14. Qxe2 b5 15.
Nb2 Qb6 16. Rac1 Bb7 17. Qd2 Rac8 18. Nd3 a5 19. Rc2 Rc7 20. Rfc1 Rfc8 21. a3
{Game drawn by mutual agreement} 1/2-1/2

[Event "Team 45 45 League T25"]
[Site "Internet Chess Club"]
[Date "2005.01.24"]
[Round "6"]
[White "azbycx"]
[Black "Ser-Enigma"]
[Result "0-1"]
[WhiteElo "1872"]
[BlackElo "2079"]
[TimeControl "2700+45"]

1. e4 c5 2. Nf3 Nc6 3. d4 cxd4 4. Nxd4 Nf6 5. Nc3 e5 6. Ndb5 d6 7. Bg5 a6 8.
Bxf6 gxf6 9. Na3 f5 10. Qf3 Nd4 11. Qd3 fxe4 12. Qxe4 f5 13. Qd5 Rb8 14. g3 Bd7
15. Qg2 Bc6 16. Nd5 Qa5+ {White resigns} 0-1

[Event "Team 45 45 League T25"]
[Site "Internet Chess Club"]
[Date "2005.01.22"]
[Round "6"]
[White "gartman"]
[Black "hoyd"]
[Result "1-0"]
[WhiteElo "1694"]
[BlackElo "1611"]
[TimeControl "2700+45"]

1. e4 c5 2. Nf3 Nc6 3. d4 cxd4 4. Nxd4 g6 5. c4 Nf6 6. Nc3 e6 7. Ndb5 d6 8. Bf4
e5 9. Bg5 Qe7 10. Nd5 Qd8 11. Bxf6 Be7 12. Bxh8 Kf8 13. Qf3 f5 14. exf5 Bxf5 15.
Bd3 Kg8 16. Bxf5 Kxh8 17. Be6 Qa5+ 18. Qc3 Qd8 19. O-O a6 20. Nxe7 Qxe7 21. Bd5
axb5 22. Bxc6 bxc6 23. cxb5 cxb5 24. Qc6 Rb8 25. Rad1 Rf8 26. Qxd6 Qf7 27. Qxe5+
Kg8 28. Qxb5 h5 29. a4 Qc7 30. a5 Rf4 31. Qd5+ Kh7 32. Qd7+ Qxd7 33. Rxd7+ Kh6
34. Ra1 Rc4 35. a6 Rb4 36. a7 Rxb2 37. a8=Q h4 38. Qh8+ Kg5 39. Rd5+ Kf4 40.
Ra4+ Rb4 41. Rxb4# {Black checkmated} 1-0

[Event "Team 45 45 League T25"]
[Site "Internet Chess Club"]
[Date "2005.01.22"]
[Round "3"]
[White "ChessicStudent"]
[Black "Eatfatty"]
[Result "1/2-1/2"]
[WhiteElo "1526"]
[BlackElo "1534"]
[TimeControl "2700+45"]

1. Nf3 Nf6 2. g3 d5 3. Bg2 c5 4. O-O Nc6 5. d3 e5 6. e4 d4 7. a4 Bd6 8. Na3 O-O
9. Ne1 Ne8 10. Nc4 Bc7 11. Qh5 Nf6 12. Qh4 Ne8 13. f4 Qxh4 14. gxh4 f6 15. f5
Bd7 16. c3 Nd6 17. Nxd6 Bxd6 {Game drawn by mutual agreement} 1/2-1/2

[Event "Team 45 45 League T25"]
[Site "Internet Chess Club"]
[Date "2005.01.24"]
[Round "6"]
[White "Bookkeeper"]
[Black "Gardener"]
[Result "1/2-1/2"]
[WhiteElo "1470"]
[BlackElo "1548"]
[TimeControl "2700+45"]

1. d4 e6 2. Nf3 d5 3. e3 Nf6 4. c3 c5 5. Nbd2 cxd4 6. exd4 Nc6 7. Bd3 Bd6 8. O-O
Ne7 9. Re1 Ng6 10. Nf1 Qc7 11. Bg5 h6 12. Bxf6 gxf6 13. Rc1 Nf4 14. Bb1 Bd7 15.
Ne3 O-O-O 16. c4 Bc6 17. cxd5 exd5 18. a3 Kb8 19. Nf5 Rhg8 20. N3h4 Rg5 21. g3
Rdg8 22. Kf1 Ng6 23. Nxh6 Rh8 24. N6f5 Nxh4 25. Nxh4 Qd7 26. Ke2 Rxh4 27. gxh4
Qg4+ 28. f3 Qg2+ 29. Kd3 Rf5 30. Rf1 Bb5+ 31. Kc3 Bxf1 32. Bxf5 Be2 33. Qd2
Qxf3+ 34. Bd3 Bf4 35. Qxe2 Qxe2 36. Bxe2 Bxc1 37. h5 Kc7 38. Bf3 Kd6 39. h3 b6
40. a4 a5 41. b3 f5 42. Kd3 f6 43. Ke2 Bh6 44. Kd3 Kc6 45. Kc3 {Game drawn by
mutual agreement} 1/2-1/2

[Event "Team 45 45 League T25"]
[Site "Internet Chess Club"]
[Date "2005.01.23"]
[Round "6"]
[White "MrEvill"]
[Black "chesskix"]
[Result "1-0"]
[WhiteElo "1306"]
[BlackElo "1454"]
[TimeControl "2700+45"]

1. e4 c5 2. Nf3 Nc6 3. d4 cxd4 4. Nxd4 Nf6 5. Nc3 d6 6. Bc4 a6 7. Bb3 g6 8. f3
Bg7 9. Be3 O-O 10. Qd2 Nxd4 11. Bxd4 e5 12. Be3 Nh5 13. O-O-O Nf4 14. h4 Be6 15.
Kb1 Bxb3 16. cxb3 Rc8 17. g3 Ne6 18. Bh6 Nd4 19. Rdf1 f5 20. Bxg7 Kxg7 21. g4
fxg4 22. fxg4 Nf3 23. Qe3 Nd4 24. g5 b5 25. Rxf8 Qxf8 26. Nd5 Nf3 27. Qa7+ Qf7
28. Qxf7+ Kxf7 29. Rf1 h5 30. Rxf3+ Kg7 31. Rc3 Rf8 32. Rc7+ Kh8 33. Nf6 Rxf6
34. gxf6 g5 35. hxg5 h4 36. g6 Kg8 37. Rc8# {Black checkmated} 1-0

[Event "Team 45 45 League T25"]
[Site "Internet Chess Club"]
[Date "2005.01.20"]
[Round "6"]
[White "Steinwitz"]
[Black "SilentIndian"]
[Result "0-1"]
[WhiteElo "1776"]
[BlackElo "1817"]
[TimeControl "2700+45"]

1. e4 c5 2. Nf3 Nc6 3. d4 cxd4 4. Nxd4 g6 5. Be3 Nf6 6. Nc3 Bg7 7. f3 O-O 8. Qd2
d5 9. Nxc6 bxc6 10. O-O-O Qc7 11. Bh6 Bxh6 12. Qxh6 dxe4 13. Nxe4 Nxe4 14. fxe4
Qe5 15. Qe3 Rb8 16. Qd4 Qf4+ 17. Kb1 Bg4 18. e5 Rb4 19. Qxf4 Rxf4 20. Rd7 Bxd7
{White resigns} 0-1

[Event "Team 45 45 League T25"]
[Site "Internet Chess Club"]
[Date "2005.01.22"]
[Round "6"]
[White "maclem279"]
[Black "Mr-Patzer2u"]
[Result "1-0"]
[WhiteElo "1630"]
[BlackElo "1567"]
[TimeControl "2700+45"]

1. e4 e6 2. d4 c6 3. Nc3 d5 4. e5 c5 5. Nf3 Nc6 6. Be3 c4 7. g3 Bd7 8. Bg2 Nge7
9. b3 cxb3 10. axb3 Ng6 11. O-O Be7 12. Ne2 a6 13. c4 dxc4 14. bxc4 Nb4 15. Nc3
Bc6 16. Qd2 a5 17. Rfd1 Qd7 18. d5 exd5 19. cxd5 {Black resigns} 1-0

[Event "Team 45 45 League T25"]
[Site "Internet Chess Club"]
[Date "2005.01.22"]
[Round "6"]
[White "SpeedBlade"]
[Black "pumba"]
[Result "1-0"]
[WhiteElo "1514"]
[BlackElo "1415"]
[TimeControl "2700+45"]

1. c4 Nf6 2. g3 e6 3. Bg2 d5 4. d4 c5 5. Nf3 Nc6 6. cxd5 Nxd5 7. O-O cxd4 8.
Nxd4 Qb6 9. Nxc6 bxc6 10. e4 Nf6 11. Be3 Qc7 12. Nc3 Ba6 13. Re1 Qa5 14. Qc2 Nd7
15. e5 Nxe5 16. f4 Bb7 17. fxe5 Qc7 18. Bf4 Bc5+ 19. Kh1 O-O 20. Ne4 Be7 21.
Rad1 Rfd8 22. Rxd8+ Rxd8 23. Rd1 Qa5 24. Rxd8+ Bxd8 25. Qd2 Qxd2 26. Bxd2 Be7
27. Nd6 Ba8 28. b4 a6 29. a4 Kf8 30. b5 axb5 31. axb5 Bd8 32. Bxc6 Bxc6+ 33.
bxc6 Bc7 34. Bb4 Kg8 35. Kg2 f6 36. Bc3 fxe5 37. Bxe5 Kf8 38. Nc4 Bxe5 39. Nxe5
Ke7 40. c7 {Black resigns} 1-0